 Dungeon Crawl Stone Soup version 0.27-a0-1384-g1422d76b99 (webtiles) character file.

Game seed: 2663782887582482254

1 dinky3 the Sneak (level 1, -4/15 (17) HPs)
             Began as a Vampire Delver on July 1, 2021.
             Was an Initiate of Okawaru.
             Slain by a gnoll (5 damage)
             ... on level 4 of the Dungeon.
             The game lasted 00:01:42 (179 turns).

dinky3 the Sneak (Vampire Delver)                    Turns: 179, Time: 00:01:43

HP:   -4/15 (17)    AC:  3    Str: 11    XL:     1   Next: 16%
MP:   1/1           EV: 12    Int: 12    God:    Okawaru [......]
Gold: 0             SH:  0    Dex: 15    Spells: 0/0 levels left

rFire    . . .     SeeInvis +   k - +0 dagger
rCold    . . .     Faith    .   (no shield)
rNeg     . . .     Spirit   .   b - +0 leather armour
rPois    .         Reflect  .   (no helmet)
rElec    .         Harm     .   (no cloak)
rCorr    .         Rampage  .   (no gloves)
Will     .....                  (no boots)
Stlth    +++.......             (no amulet)
HPRegen  0.25/turn              (no ring)
MPRegen  0.07/turn              (no ring)

@: attractive, healing quickly, heavily drained
A: alive, fangs 3, see invisible, vampiric 1
a: Exsanguinate, Renounce Religion


You were on level 4 of the Dungeon.
You worshipped Okawaru.
Okawaru was noncommittal.
You visited 1 branch of the dungeon, and saw 2 of its levels.

Inventory:

Hand Weapons
 a - a +0 falchion
 k - a +0 dagger (weapon)
Missiles
 h - 8 boomerangs (quivered)
Armour
 b - a +0 leather armour (worn)
 l - a +0 ring mail
 m - a +0 pair of gloves
Jewellery
 n - a ring of positive energy
Wands
 g - a wand of digging (3)
Scrolls
 c - a scroll of fog


   Skills:
 + Level 2.7 Fighting
 + Level 2.0 Long Blades
 + Level 2.2 Dodging
 + Level 7.2 Stealth


You couldn't memorise any spells.
You didn't know any spells.
Your spell library was empty.

Dungeon Overview and Level Annotations

Branches:
Dungeon (5/15)
 Temple: D:4-7

Altars:
Okawaru

Shops:
D:5 [

Annotations:
D:4 Natasha


Innate Abilities, Weirdness & Mutations

Your natural rate of healing is accelerated.
You have razor-sharp teeth.
You have supernaturally acute eyesight. (SInv)
You are afflicted with vampirism.


Message History

You see here a fizzy black potion.
d - a fizzy black potion Your adder bites the necrophage.
Your giant cockroach bites the necrophage but does no damage.
Your giant cockroach bites the worm but does no damage.
Natasha claws your adder!
The necrophage hits your giant cockroach.
Your adder closely misses the necrophage.
The shadow imp shouts, "Despair, thou ducking corpse-like guttersnipe!"
Your giant cockroach closely misses the necrophage.
Natasha closely misses your adder.
Your adder barely misses the necrophage.
The gnoll barely misses you. The necrophage hits you.
* * * LOW HITPOINT WARNING * * *
You feel drained.
* * * LOW HITPOINT WARNING * * *
Your giant cockroach bites the necrophage.
Natasha claws your adder.
Your adder dies!
Your adder's corpse dissolves into shadows!
The gnoll closely misses you.
Your giant cockroach bites the necrophage.
Natasha claws your giant cockroach!
Your giant cockroach dies!
Your giant cockroach's corpse dissolves into shadows!
Your giant cockroach bites the necrophage but does no damage.
The gnoll misses you.
Your extra speed is starting to run out.
The worm bites your giant cockroach!
Your giant cockroach dies!
Your giant cockroach's corpse dissolves into shadows!
You feel yourself slow down.
Natasha mewls in sadness.
The gnoll barely misses you. The gnoll hits you with a +0 whip.
* * * LOW HITPOINT WARNING * * *
It was a potion of attraction.
You feel attractive to monsters.
You feel yourself speed up. The gnoll hits you with a +0 whip.
You die...

#########.########.
.......>...........
####...g...g......#
#.##.#.########.
#.##.#g# #. #.##.#.#
## #.##.#.# #
#.#####.#....# #
#....@gn.>...# #
#######.#...## # #.#
.## # ###h##.# #
#......# #
######......# #
#5w..w......#
##.#####.####......#
#........h.........#


You could see a necrophage and a gnoll.

Vanquished Creatures
  An endoplasm (D:4)
1 creature vanquished.

Vanquished Creatures (others)
  6 plants (D:4)
6 creatures vanquished.

Grand Total: 7 creatures vanquished

Notes
Turn   | Place    | Note
-------+----------+-------------------------------------------
     0 | D:5      | dinky3 the Vampire Delver began the quest for the Orb.
     0 | D:5      | Reached XP level 1. HP: 17/17 MP: 1/1
     6 | D:5      | Found an iron altar of Okawaru.
     9 | D:5      | Became a worshipper of Warmaster Okawaru
    50 | D:5      | Noticed an ogre
    63 | D:5      | Found Zoqipu's Antique Armour Shop.
    87 | D:5      | Noticed a phantom
   100 | D:4      | Noticed a gnoll shaman
   141 | D:4      | Noticed a necrophage
   145 | D:4      | Noticed Natasha
   179 | D:4      | Slain by a gnoll

Illustrated notes

Levels and vault maps discovered:
D:4:      layout_loops_ring, nicolae_hepliaklqana_hazy_memory,
          minmay_temple_entry_steel_oval, due_unseen_surprise,
          uniq_blork_the_orc, uniq_natasha
D:5:      layout_cave_pools, kennysheep_mini, serial_shops, nicolae_square_shop,
          fountainhead

Action                   || total
-------------------------++-------
Melee: Dagger            ||     2
  Use: Scroll            ||     4
       Potion            ||     3
 Stab: Sleeping          ||     1
Dodge: Dodged            ||     7
       Rpst.: Falchion   ||     1

Table legend: (Time is in decaauts)
 A = Elapsed time spent in this place.
 B = Non-inter-level travel time spent in this place.
 C = Inter-level travel time spent in this place.
 D = Time resting spent in this place.
 E = Time spent auto-exploring this place.
 F = Levels seen in this place.
 G = Mean time per level.
                   A        B        C        D        E       F      G
               +--------+--------+--------+--------+--------+-----+--------+
         Total |    168 |    168 |      0 |      0 |      0 |   2 |   84.0 |
       Dungeon |    168 |    168 |      0 |      0 |      0 |   2 |   84.0 |
               +--------+--------+--------+--------+--------+-----+--------+

Top non-repeatable levels by time:
     D:5: 100 daAuts
     D:4: 68 daAuts
